 Dungeon Crawl Stone Soup version 0.28.0-53-g5a82cb258f (webtiles) character file.

Game seed: 10739303158988055372

355 funkygono the Slasher (level 6, 0/53 HPs)
             Began as a Minotaur Berserker on June 25, 2022.
             Was a Believer of Trog.
             Slain by a gnoll sergeant
             ... wielding a +0 spear
              (8 damage)
             ... on level 4 of the Dungeon.
             The game lasted 00:08:03 (2539 turns).

funkygono the Slasher (Minotaur Berserker)          Turns: 2539, Time: 00:08:03

Health: 0/53       AC: 13    Str: 23    XL:     6   Next: 36%
Magic:  5/5        EV:  5    Int:  4    God:    Trog [**....]
Gold:   82         SH:  0    Dex: 10    Spells: 5/5 levels left

rFire   . . .      SeeInvis .   m - +1 long sword
rCold   . . .      Faith    .   (no shield)
rNeg    . . .      Spirit   .   e - +1 chain mail
rPois   .          Reflect  .   (helmet restricted)
rElec   .          Harm     .   (no cloak)
rCorr   .          Rampage  .   h - +2 pair of gloves
Will    .....                   (no boots)
Stlth   ..........              (no amulet)
HPRegen 0.17/turn               j - +4 ring of slaying
MPRegen 0.09/turn               (no ring)

@: on berserk cooldown, slowed, constricted, very slow
A: horns 2, retaliatory headbutt
a: Renounce Religion, Berserk, Trog's Hand


You were on level 4 of the Dungeon.
You worshipped Trog.
Trog was pleased with you.
You visited 1 branch of the dungeon, and saw 4 of its levels.

You collected 82 gold pieces.

Inventory:

Hand Weapons
 a - a +0 falchion
 m - a +1 long sword (weapon)
Missiles
 d - 57 stones
 l - 6 boomerangs
 p - 4 curare-tipped darts (quivered)
 x - 3 datura-tipped darts
Armour
 b - a +0 animal skin
 e - a +1 chain mail (worn)
 h - a +2 pair of gloves (worn)
 n - a +2 animal skin
 r - a +1 pair of gloves of hurling
 u - the +3 leather armour "Quejaamu" {rElec rN+ Stlth-}
   (You found it on level 3 of the Dungeon)

   rElec:     It insulates you from electricity.
   rN:        It protects you from negative energy.
   Stlth:     It makes you less stealthy.
Jewellery
 j - a +4 ring of slaying (left hand)
Wands
 t - a wand of acid (9)
Scrolls
 v - a scroll of teleportation
Potions
 c - 2 potions of mutation
 f - 2 potions of heal wounds {unknown}
 g - 2 potions of attraction {unknown}
 i - 3 potions of curing {unknown}
 k - a potion of invisibility {unknown}
 s - 2 potions of degeneration {unknown}
 w - a potion of haste {unknown}


   Skills:
 + Level 4.6 Fighting
 + Level 7.1 Long Blades
 + Level 0.1 Throwing
 + Level 4.2 Armour
 + Level 2.5 Dodging
 + Level 0.1 Stealth


You had 5 spell levels left.
You didn't know any spells.
Your spell library was empty.

Dungeon Overview and Level Annotations

Branches:
Dungeon (4/15)
 Temple: D:4-7

Altars:
Kikubaaqudgha
The Shining One

Shops:
D:1 [


Innate Abilities, Weirdness & Mutations

You have a pair of horns on your head.
You reflexively headbutt those who attack you in melee.


Message History

You are exhausted.
You feel yourself slow down.
The gnoll sergeant hits you with a +0 spear.
The ball python barely misses you. The ball python grabs you.
The ball python constricts you. The gnoll hits you but does no damage.
Things that are here:
a +0 flail; a +0 spear You barely miss the gnoll sergeant.
You headbutt the gnoll sergeant.
The gnoll sergeant is lightly wounded.
The gnoll hits you but does no damage.
The gnoll sergeant hits you but does no damage.
The ball python bites you but does no damage.
The ball python constricts you.
The iguana bites you but does no damage.
The gnoll hits you but does no damage.
The gnoll hits you from afar with a +0 spear.
You barely miss the gnoll sergeant.
The gnoll sergeant is lightly wounded.
The ball python bites you but does no damage.
The ball python constricts you.
The gnoll sergeant hits you but does no damage.
The iguana bites you but does no damage.
The gnoll hits you but does no damage.
The gnoll hits you from afar with a +0 spear.
The ball python bites you but does no damage.
The ball python constricts you.
The gnoll sergeant hits you with a +0 spear!
The iguana closely misses you. The gnoll hits you with a +0 spear.
You escape the ball python's grasp.
The gnoll hits you with a +0 spear.
The ball python bites you but does no damage.
The ball python grabs you. The ball python constricts you.
The gnoll sergeant hits you from afar with a +0 spear.
* * * LOW HITPOINT WARNING * * *
The iguana hisses menacingly.
The gnoll hits you but does no damage. The gnoll hits you with a +0 spear.
* * * LOW HITPOINT WARNING * * *
The ball python bites you but does no damage.
The ball python constricts you.
The gnoll sergeant hits you from afar with a +0 spear!
You die...

..............
.................#.....##
..................>......
$........................
.........................
...).....................
.....).......##.#........
.....).......##g#Sg......
....##........).@lg......
.......#.....##..........
.........................
.......#####.............
......... ...............
......#####......##...###
..#... .............#
..#... ...#.........#


You could see a gnoll sergeant, an iguana, 2 gnolls and a ball python.

Vanquished Creatures
  A howler monkey (D:4)
  An orc priest (D:3)
  Terence (D:3)
  2 orc wizards
  A hound skeleton (D:4)
  Robin (D:2)
  6 gnolls
  3 adders
  An ufetubus (D:4)
  3 worms
  4 dart slugs
  7 orcs
  3 ball pythons
  4 endoplasms
  5 giant cockroaches
  16 goblins
  9 hobgoblins
  A quokka (D:1)
  7 bats
  4 frilled lizards (D:1)
  4 kobolds
  4 rats
88 creatures vanquished.

Vanquished Creatures (others)
  An orc (D:4)
1 creature vanquished.

Grand Total: 89 creatures vanquished

Notes
Turn   | Place    | Note
-------+----------+-------------------------------------------
     0 | D:1      | funkygono the Minotaur Berserker began the quest for the
                  | Orb.
     0 | D:1      | Reached XP level 1. HP: 19/19 MP: 0/0
    59 | D:1      | Found Syidyov's Antique Armour Emporium.
   119 | D:1      | Found a faded altar of an unknown god.
   174 | D:1      | Reached XP level 2. HP: 27/27 MP: 1/1
   176 | D:1      | Reached skill level 4 in Long Blades
   656 | D:1      | Reached XP level 3. HP: 31/33 MP: 2/2
  1134 | D:2      | Found a glowing golden altar of the Shining One.
  1313 | D:2      | Noticed Robin
  1325 | D:2      | Killed Robin
  1326 | D:2      | Reached skill level 5 in Long Blades
  1329 | D:2      | Reached XP level 4. HP: 31/40 MP: 3/3
  1390 | D:2      | Reached ** piety under Trog
  1760 | D:3      | Noticed Terence
  1765 | D:3      | Killed Terence
  1766 | D:3      | Reached XP level 5. HP: 47/47 MP: 4/4
  1791 | D:3      | Reached skill level 6 in Long Blades
  1982 | D:3      | Identified the +3 leather armour "Quejaamu" {rElec rN+
                  | Stlth-}
  2412 | D:4      | Found an ancient bone altar of Kikubaaqudgha.
  2424 | D:4      | Reached XP level 6. HP: 53/53 MP: 5/5
  2464 | D:4      | Reached skill level 7 in Long Blades
  2539 | D:4      | Slain by a gnoll sergeant

Illustrated notes

Levels and vault maps discovered:
D:1:      lightli_arrival_windingriver, layout_loops_ring,
          shapermc_ecumenical_altar_venn, serial_shops, shop, minmay_octomino_j4
D:2:      layout_loops_ring, basic_altar, uniq_robin
D:3:      layout_loops_cross, uniq_terence
D:4:      layout_basic, lemuel_doored_altar, zin_treasury, enter_ossuary_4,
          hangedman_decor_slide_cut, uniq_pikel

Skill      XL: |  1  2  3  4  5  6 |
---------------+-------------------+-----
Long Blades    | 4 5 6 7 |  7.1
Fighting       | 4 |  4.6
Armour         | 3 4 |  4.2
Throwing       | |  0.1
Dodging        | |  2.5
Stealth        | |  0.1

Action                   |  1- 3 |  4- 6 || total
-------------------------+-------+-------++-------
Melee: Falchion          |    55 |       ||    55
       Headbutt          |    10 |    18 ||    28
       Punch             |     2 |       ||     2
       Long sword        |    21 |    81 ||   102
Throw: Stone             |       |     1 ||     1
       Dart              |       |     2 ||     2
Invok: Berserk           |    10 |     5 ||    15
  Use: Scroll            |     1 |     3 ||     4
Armor: Animal skin       |     2 |       ||     2
       Chain mail        |    64 |    73 ||   137
Dodge: Dodged            |    34 |    40 ||    74
